 Dungeon Crawl Stone Soup version 0.19.5 (webtiles) character file.

81 JeffiDaFish the Covered (level 4, -3/28 HPs)
             Began as a Gargoyle Fighter on Mar 8, 2017.
             Killed from afar by an orc wizard (9 damage)
             ... with a puff of flame
             ... on level 3 of the Dungeon.
             The game lasted 00:04:39 (1825 turns).

JeffiDaFish the Covered (Gargoyle Fighter)          Turns: 1825, Time: 00:04:40

Health: -3/28      AC: 18    Str: 22 (24) XL:     4   Next: 42%
Magic:  4/4        EV:  4    Int:  7 (9)  God:
Gold:   149        SH:  9    Dex:  7 (10) Spells: 0 memorised, 3 levels left

rFire  . . .     SeeInvis .     a - +0 flail
rCold  . . .     Gourm    .     l - +0 plate armour
rNeg   + . .     Faith    .     c - +0 shield
rPois  ∞         Spirit   .     j - +2 helmet
rElec  +         Reflect  .     (no cloak)
rCorr  .         Harm     .     (no gloves)
MR     .....                    (no boots)
Stlth  ..........               (no amulet)
                                (no ring)
                                (no ring)

@: mighty
A: talons 1, negative energy resistance 1, electricity resistance, unbreathing,
petrification resistance, rot immunity, MP-powered wands, AC +3
a: no special abilities


You were on level 3 of the Dungeon.
You were hungry.

You visited 1 branch of the dungeon, and saw 3 of its levels.

You collected 149 gold pieces.

Inventory:

Hand Weapons
 a - a +0 flail (weapon)
Armour
 c - a +0 shield (worn)
 j - a +2 helmet (worn)
 l - a +0 plate armour (worn)
Scrolls
 e - 2 scrolls of identify
 k - a scroll of blinking
Comestibles
 f - 2 bread rations
 g - a meat ration
 h - 3 chunks of flesh
 i - a beef jerky


   Skills:
 + Level 3.5 Fighting
 + Level 2.6 Maces & Flails
 + Level 4.1 Armour
 + Level 0.5 Dodging
 + Level 4.1 Shields


You had 3 spell levels left.
You didn't know any spells.

Dungeon Overview and Level Annotations

Branches:
Dungeon (3/15)

Altars:
Gozag

Shops:
D:2 *


Innate Abilities, Weirdness & Mutations

You are resistant to torment.
Your stone body is resilient. (AC +3)
You are immune to poison.
You resist negative energy. (rN+)
You are resistant to electric shocks. (rElec)
You can survive without breathing.
You are immune to petrification.
You are immune to rotting.
You have sharp toenails.
You expend magic power (3 MP) to strengthen your wands.


Message History

The puff of flame hits you! Something hits you but does no damage.
You completely miss something. Something hits you but does no damage.
You hear some strange, mumbled words.
A magic dart appears from out of thin air!
The magic dart hits you!
You closely miss something. You claw something.
You feel less confused. Something hits you but does no damage.
You closely miss something. Your kick misses something.
Something hits you but does no damage. x2
You miss something. Your kick misses something.
Something hits you but does no damage.
You miss something. Your kick misses something.
Something hits you but does no damage.
You miss something. You claw something. Something hits you but does no damage.
You hear some strange, mumbled words.
A puff of flame appears from out of thin air!
The puff of flame hits you!
You die...

.. #. .. ###
#. .... #.###
... .....#...
..# #......#
.. #.# ##.# #
#@# #.. .# #
#.# #.##.#.#
##o###(.....#
#.o?.........
#.##.o.##..##
#. #...# .##
#.##...##....
#....<.....#
#..........#


You could see 2 orcs.

Vanquished Creatures
  An orc wizard (D:3)
  An ooze (D:1)
  3 worms (D:2)
  2 dart slugs
  An orc (D:3)
  3 ball pythons
  7 goblins
  10 hobgoblins
  4 jackals (D:1)
  5 kobolds
  A quokka (D:2)
  8 bats
  6 frilled lizards
  7 rats
59 creatures vanquished.

Notes
Turn   | Place    | Note
-------+----------+-------------------------------------------
     0 | D:1      | JeffiDaFish the Gargoyle Fighter began the quest for the Orb.
     0 | D:1      | Reached XP level 1. HP: 14/14 MP: 1/1
    76 | D:1      | Reached XP level 2. HP: 15/19 MP: 2/2
   399 | D:1      | Reached XP level 3. HP: 23/23 MP: 3/3
  1114 | D:2      | Gained mutation: You have sharp toenails. [potion of mutation]
  1114 | D:2      | Gained mutation: You expend magic power (3 MP) to strengthen your wands. [potion of mutation]
  1138 | D:2      | Reached XP level 4. HP: 26/28 MP: 4/4
  1438 | D:2      | Found Gozag's Platinum Reserve.
  1438 | D:2      | Found an opulent altar of Gozag.
  1825 | D:3      | Killed from afar by an orc wizard

Skill      XL: |  1  2  3  4 |
---------------+-------------+-----
Shields        | 4 |  4.1
Armour         | 4 |  4.1
Fighting       | |  3.5
Maces & Flails | |  2.6
Dodging        | |  0.5

Action                   |  1- 3 |  4- 6 || total
-------------------------+-------+-------++-------
Melee: Flail             |   175 |   118 ||   293
       Kick              |     6 |    22 ||    28
  Use: Scroll            |     5 |       ||     5
       Potion            |     3 |     3 ||     6
  Eat: Chunk             |     1 |     2 ||     3
Armor: Scale mail        |   114 |    20 ||   134
       Plate armour      |       |   131 ||   131
Dodge: Dodged            |    86 |    41 ||   127
Block: Shield            |   112 |    58 ||   170
